Workbook
Name BDI_NOVO: OFFSET(#REF!,1,0):OFFSET(#REF!,-1,0)
Name Database: TEXT([1]Dados!$G$29,"mm-aaaa")
Name EMPRESAS: OFFSET(#REF!,1,0):OFFSET(#REF!,-1,0)
Name EMPRESAS: OFFSET(#REF!,1,0):OFFSET(#REF!,-1,0)
Name EMPRESAS: OFFSET(#REF!,1,0):OFFSET(#REF!,-1,0)
Name EMPRESAS: OFFSET(#REF!,1,0):OFFSET(#REF!,-1,0)
Name EMPRESAS: OFFSET(#REF!,1,0):OFFSET(#REF!,-1,0)
Name EMPRESAS: OFFSET(#REF!,1,0):OFFSET(#REF!,-1,0)
Name Fonte: #REF!
Name Fonte: #REF!
Name Fonte: 'MEMÓRIA DE CÁLCULO'!$G1
Name Fonte: 'PLANILHA ORÇAMENTÁRIA'!$I1
Name Fonte: #REF!
Name Fonte: #REF!
Name INDICES: OFFSET(#REF!,1,0):OFFSET(#REF!,-1,0)
Name INDICES: OFFSET([2]COTAÇÃO!$B$20,1,0):OFFSET([2]COTAÇÃO!$I$24,-1,0)
Name INDICES: OFFSET(#REF!,1,0):OFFSET(#REF!,-1,0)
Name INDICES: OFFSET(#REF!,1,0):OFFSET(#REF!,-1,0)
Name INDICES: OFFSET([2]COTAÇÃO!$B$20,1,0):OFFSET([2]COTAÇÃO!$I$24,-1,0)
Name INDICES: OFFSET(#REF!,1,0):OFFSET(#REF!,-1,0)
Name MM: #REF!
Name nao: #REF!
Name nao: #REF!
Name nao: #REF!
Name nao: #REF!
Name nao: #REF!
Name nao: #REF!
Name subitens: #REF!,#REF!,#REF!,#REF!
Name subitens: #REF!,#REF!,#REF!,#REF!
Name subitens: #REF!,#REF!,#REF!,#REF!

Sheet PLANILHA ORÇAMENTÁRIA
A2: PLANILHA ORÇAMENTÁRIA
A4: ='MEMÓRIA DE CÁLCULO'!A3:F3 -> OBRA: RECOMPOSIÇÃO DE PAVIMENTAÇÃO E SINALIZAÇÃO DA AV. LUIZ TANURE | G4: ='MEMÓRIA DE CÁLCULO'!G3 -> DATA : JANEIRO/2025
A5: ='MEMÓRIA DE CÁLCULO'!A4:D4 -> LOCAL: AVENIDA LUIZ TANURE, CENTRO | E5: FORMA DE EXECUÇÃO: | G5: ISS: 5,00%
A6: ='MEMÓRIA DE CÁLCULO'!A5 -> REGIÃO/MÊS DE REFERÊNCIA: SEINFRA/REGIÃO JEQUITINHONHA 10/2024 NÃO DESONERADO // SINAPI-MG 12/2024 NÃO DESONERADO // ANP 11/2024 // SICRO3 10/2024 NÃO DESONERADO | E6: ( ) | F6: DIRETA | G6: BDI =
A7: ='MEMÓRIA DE CÁLCULO'!$A$6:$G$6 -> PRAZO DE EXECUÇÃO: 02 MESES | E7: ( X ) | F7: INDIRETA | G7: =BDI!D20 -> 0.24184747
A8: ITEM | B8: FONTE | C8: CÓDIGO | D8: DESCRIÇÃO | E8: UND. | F8: QUANT. | G8: UNITÁRIO S/ BDI | H8: UNITÁRIO C/ BDI | I8: TOTAL
A9: ='MEMÓRIA DE CÁLCULO'!A8 -> 1 | D9: ='MEMÓRIA DE CÁLCULO'!D8 -> SERVIÇOS PRELIMINARES | I9: =ROUND((SUM(I10:I10)),2) -> 1527.73
A10: ='MEMÓRIA DE CÁLCULO'!A9 -> 1.1 | B10: ='MEMÓRIA DE CÁLCULO'!B9 -> SEINFRA | C10: ='MEMÓRIA DE CÁLCULO'!C9 -> ED-28427 | D10: ='MEMÓRIA DE CÁLCULO'!D9 -> FORNECIMENTO E COLOCAÇÃO DE PLACA DE OBRA EM CHAPA GALVANIZADA #26, ESP. 0,45MM, DIMENSÃO (3X1,5)M, PLOTADA COM ADESIVO VINÍLICO, AFIXADA COM REBITES 4,8X40MM, EM ESTRUTURA METÁLICA DE METALON 20X20MM, ESP. 1,25MM, INCLUSIVE SUPORTE EM EUCALIPTO AUTOCLAVADO PINTADO COM TINTA PVA DUAS (2) DEMÃOS | E10: ='MEMÓRIA DE CÁLCULO'!E9 -> UNID | F10: ='MEMÓRIA DE CÁLCULO'!F9 -> 1 | G10: 1230.21 | H10: =ROUND(G10+(G10*$G$7),2) -> 1527.73 | I10: =ROUND((H10*F10),2) -> 1527.73
A11: ='MEMÓRIA DE CÁLCULO'!A10 -> 2 | D11: ='MEMÓRIA DE CÁLCULO'!D10 -> PAVIMENTAÇÃO | I11: =ROUND((SUM(I12:I21)),2) -> 62326.76
A12: ='MEMÓRIA DE CÁLCULO'!A11 -> 2.1 | B12: ='MEMÓRIA DE CÁLCULO'!B11 -> SINAPI | C12: ='MEMÓRIA DE CÁLCULO'!C11 -> 100576 | D12: ='MEMÓRIA DE CÁLCULO'!D11 -> REGULARIZAÇÃO E COMPACTAÇÃO DE SUBLEITO DE SOLO PREDOMINANTEMENTE ARGILOSO, PARA OBRAS DE CONSTRUÇÃO DE PAVIMENTOS. AF_09/2024 | E12: ='MEMÓRIA DE CÁLCULO'!E11 -> M2 | F12: ='MEMÓRIA DE CÁLCULO'!F11 -> 360 | G12: 2.02 | H12: =ROUND(G12+(G12*$G$7),2) -> 2.51 | I12: =ROUND((H12*F12),2) -> 903.6
A13: ='MEMÓRIA DE CÁLCULO'!A12 -> 2.2 | B13: ='MEMÓRIA DE CÁLCULO'!B12 -> SEINFRA | C13: ='MEMÓRIA DE CÁLCULO'!C12 -> ED-8914 | D13: ='MEMÓRIA DE CÁLCULO'!D12 -> EXECUÇÃO DE PAVIMENTO COM PISO INTERTRAVADO, TIPO SEXTAVADO, ESP. 8CM, COM FCK DE 35MPA, INCLUSIVE COLCHÃO DE AREIA, ESP. 6CM, PARA ASSENTAMENTO, COMPACTAÇÃO MECANIZADA, CARGA E DESCARGA MECÂNICA EM CAMINHÃO, EXCLUSIVE TRANSPORTE DE PISO INTERTRAVADO | E13: ='MEMÓRIA DE CÁLCULO'!E12 -> M2 | F13: ='MEMÓRIA DE CÁLCULO'!F12 -> 360 | G13: 86.59 | H13: =ROUND(G13+(G13*$G$7),2) -> 107.53 | I13: =ROUND((H13*F13),2) -> 38710.8
A14: ='MEMÓRIA DE CÁLCULO'!A13 -> 2.3 | B14: ='MEMÓRIA DE CÁLCULO'!B13 -> SEINFRA | C14: ='MEMÓRIA DE CÁLCULO'!C13 -> ED-51139 | D14: ='MEMÓRIA DE CÁLCULO'!D13 -> GUIA DE MEIO-FIO, EM CONCRETO COM FCK 20MPA, PRÉ-MOLDADA, MFC-01 PADRÃO DER-MG, DIMENSÕES (12X16,7X35)CM, EXCLUSIVE SARJETA, INCLUSIVE ESCAVAÇÃO, APILOAMENTO E TRANSPORTE COM RETIRADA DO MATERIAL ESCAVADO (EM CAÇAMBA) | E14: ='MEMÓRIA DE CÁLCULO'!E13 -> M | F14: ='MEMÓRIA DE CÁLCULO'!F13 -> 106 | G14: 68.18 | H14: =ROUND(G14+(G14*$G$7),2) -> 84.67 | I14: =ROUND((H14*F14),2) -> 8975.02
A15: ='MEMÓRIA DE CÁLCULO'!A14 -> 2.4 | B15: ='MEMÓRIA DE CÁLCULO'!B14 -> SEINFRA | C15: ='MEMÓRIA DE CÁLCULO'!C14 -> ED-14505 | D15: ='MEMÓRIA DE CÁLCULO'!D14 -> GRELHA PARA CAIXA COLETORA DE ÁGUA PLUVIAL EM BARRA CHATA 3/4"X1/8" COM REQUADRO EM CANTONEIRA 7/8"X1/8", INCLUSIVE UMA (1) DEMÃO DE FUNDO ANTICORROSIVO E DUAS (2) DEMÃOS DE PINTURA ESMALTE (FORNECIMENTO/FABRICAÇÃO) | E15: ='MEMÓRIA DE CÁLCULO'!E14 -> M2 | F15: ='MEMÓRIA DE CÁLCULO'!F14 -> 0.5 | G15: 630.01 | H15: =ROUND(G15+(G15*$G$7),2) -> 782.38 | I15: =ROUND((H15*F15),2) -> 391.19
A16: ='MEMÓRIA DE CÁLCULO'!A15 -> 2.5 | B16: ='MEMÓRIA DE CÁLCULO'!B15 -> SINAPI | C16: ='MEMÓRIA DE CÁLCULO'!C15 -> 97636 | D16: ='MEMÓRIA DE CÁLCULO'!D15 -> DEMOLIÇÃO PARCIAL DE PAVIMENTO ASFÁLTICO, DE FORMA MECANIZADA, SEM REAPROVEITAMENTO. AF_09/2023 | E16: ='MEMÓRIA DE CÁLCULO'!E15 -> M2 | F16: ='MEMÓRIA DE CÁLCULO'!F15 -> 4.38 | G16: 22.79 | H16: =ROUND(G16+(G16*$G$7),2) -> 28.3 | I16: =ROUND((H16*F16),2) -> 123.95
A17: ='MEMÓRIA DE CÁLCULO'!A16 -> 2.6 | B17: ='MEMÓRIA DE CÁLCULO'!B16 -> SINAPI | C17: ='MEMÓRIA DE CÁLCULO'!C16 -> 101747 | D17: ='MEMÓRIA DE CÁLCULO'!D16 -> PISO EM CONCRETO 20 MPA PREPARO MECÂNICO, ESPESSURA 7CM. AF_09/2020 | E17: ='MEMÓRIA DE CÁLCULO'!E16 -> M2 | F17: ='MEMÓRIA DE CÁLCULO'!F16 -> 26.77 | G17: 82.04 | H17: =ROUND(G17+(G17*$G$7),2) -> 101.88 | I17: =ROUND((H17*F17),2) -> 2727.33
A18: ='MEMÓRIA DE CÁLCULO'!A17 -> 2.7 | B18: ='MEMÓRIA DE CÁLCULO'!B17 -> SEINFRA | C18: ='MEMÓRIA DE CÁLCULO'!C17 -> RO-00389 | D18: ='MEMÓRIA DE CÁLCULO'!D17 -> Pintura de ligação (Execução, exclui fornecimento e transporte do material betuminoso até a obra) | E18: ='MEMÓRIA DE CÁLCULO'!E17 -> M2 | F18: ='MEMÓRIA DE CÁLCULO'!F17 -> 284.81 | G18: 0.31 | H18: =ROUND(G18+(G18*$G$7),2) -> 0.38 | I18: =ROUND((H18*F18),2) -> 108.23
A19: ='MEMÓRIA DE CÁLCULO'!A18 -> 2.8 | B19: ='MEMÓRIA DE CÁLCULO'!B18 -> ANP | D19: ='MEMÓRIA DE CÁLCULO'!D18 -> Emulsão asfáltica - RR-1C | E19: ='MEMÓRIA DE CÁLCULO'!E18 -> T | F19: ='MEMÓRIA DE CÁLCULO'!F18 -> 0.142 | G19: =ROUND((2.66372236661931*1000),2) -> 2663.72 | H19: =ROUND(G19+(G19*$G$7),2) -> 3307.93 | I19: =ROUND((H19*F19),2) -> 469.73
A20: ='MEMÓRIA DE CÁLCULO'!A19 -> 2.9 | B20: ='MEMÓRIA DE CÁLCULO'!B19 -> SINAPI | C20: ='MEMÓRIA DE CÁLCULO'!C19 -> 102331 | D20: ='MEMÓRIA DE CÁLCULO'!D19 -> TRANSPORTE COM CAMINHÃO TANQUE DE TRANSPORTE DE MATERIAL ASFÁLTICO DE 30000 L, EM VIA URBANA PAVIMENTADA, ADICIONAL PARA DMT EXCEDENTE A 30 KM (UNIDADE: TXKM). AF_07/2020 | E20: ='MEMÓRIA DE CÁLCULO'!E19 -> TXKM | F20: ='MEMÓRIA DE CÁLCULO'!F19 -> 94.57 | G20: 0.55 | H20: =ROUND(G20+(G20*$G$7),2) -> 0.68 | I20: =ROUND((H20*F20),2) -> 64.31
A21: ='MEMÓRIA DE CÁLCULO'!A20 -> 2.10 | B21: ='MEMÓRIA DE CÁLCULO'!B20 -> SEINFRA | C21: ='MEMÓRIA DE CÁLCULO'!C20 -> ED-7624 | D21: ='MEMÓRIA DE CÁLCULO'!D20 -> EXECUÇÃO E APLICAÇÃO DE CONCRETO ASFÁLTICO PRE MISTURADO À FRIO (PMF), EM BETONEIRA, INCLUINDO FORNECIMENTO E TRANSPORTE DOS AGREGADOS E MATERIAL BETUMINOSO, INCLUSIVE TRANSPORTE DA MASSA ASFÁLTICA ATÉ A PISTA | E21: ='MEMÓRIA DE CÁLCULO'!E20 -> M3 | F21: ='MEMÓRIA DE CÁLCULO'!F20 -> 8.54 | G21: 929.02 | H21: =ROUND(G21+(G21*$G$7),2) -> 1153.7 | I21: =ROUND((H21*F21),2) -> 9852.6
A22: ='MEMÓRIA DE CÁLCULO'!A21 -> 3 | D22: ='MEMÓRIA DE CÁLCULO'!D21 -> SINALIZAÇÃO | I22: =ROUND((SUM(I23:I28)),2) -> 63632.65
A23: ='MEMÓRIA DE CÁLCULO'!A22 -> 3.1 | B23: ='MEMÓRIA DE CÁLCULO'!B22 -> SINAPI | C23: ='MEMÓRIA DE CÁLCULO'!C22 -> 102512 | D23: ='MEMÓRIA DE CÁLCULO'!D22 -> PINTURA DE EIXO VIÁRIO SOBRE ASFALTO COM TINTA RETRORREFLETIVA A BASE DE RESINA ACRÍLICA COM MICROESFERAS DE VIDRO, APLICAÇÃO MECÂNICA COM DEMARCADORA AUTOPROPELIDA. AF_05/2021 | E23: ='MEMÓRIA DE CÁLCULO'!E22 -> M | F23: ='MEMÓRIA DE CÁLCULO'!F22 -> 4386.52 | G23: 6.42 | H23: =ROUND(G23+(G23*$G$7),2) -> 7.97 | I23: =ROUND((H23*F23),2) -> 34960.56
A24: ='MEMÓRIA DE CÁLCULO'!A23 -> 3.2 | B24: ='MEMÓRIA DE CÁLCULO'!B23 -> SINAPI | C24: ='MEMÓRIA DE CÁLCULO'!C23 -> 102509 | D24: ='MEMÓRIA DE CÁLCULO'!D23 -> PINTURA DE FAIXA DE PEDESTRE OU ZEBRADA TINTA RETRORREFLETIVA A BASE DE RESINA ACRÍLICA COM MICROESFERAS DE VIDRO, E = 30 CM, APLICAÇÃO MANUAL. AF_05/2021 | E24: ='MEMÓRIA DE CÁLCULO'!E23 -> M2 | F24: ='MEMÓRIA DE CÁLCULO'!F23 -> 119.83 | G24: 32.94 | H24: =ROUND(G24+(G24*$G$7),2) -> 40.91 | I24: =ROUND((H24*F24),2) -> 4902.25
A25: ='MEMÓRIA DE CÁLCULO'!A24 -> 3.3 | B25: ='MEMÓRIA DE CÁLCULO'!B24 -> COMPOSIÇÃO | C25: ='MEMÓRIA DE CÁLCULO'!C24 -> CPU-001 | D25: ='MEMÓRIA DE CÁLCULO'!D24 -> PLACA DE SINALIZAÇÃO EM CHAPA DE AÇO NUM 16 COM PINTURA REFLETIVA, INSTALADA EM POSTE DE AÇO GALVANIZADO DN 50 (2") PLACA DE REGULAMENTAÇÃO (PASSAGEM SINALIZADA DE PEDESTRES) | E25: ='MEMÓRIA DE CÁLCULO'!E24 -> UNID | F25: ='MEMÓRIA DE CÁLCULO'!F24 -> 14 | G25: =CPU!G13 -> 457.85 | H25: =ROUND(G25+(G25*$G$7),2) -> 568.58 | I25: =ROUND((H25*F25),2) -> 7960.12
A26: ='MEMÓRIA DE CÁLCULO'!A25 -> 3.4 | B26: ='MEMÓRIA DE CÁLCULO'!B25 -> COMPOSIÇÃO | C26: ='MEMÓRIA DE CÁLCULO'!C25 -> CPU-002 | D26: ='MEMÓRIA DE CÁLCULO'!D25 -> PLACA DE SINALIZAÇÃO EM CHAPA DE AÇO NUM 16 COM PINTURA REFLETIVA, INSTALADA EM POSTE DE AÇO GALVANIZADO DN 50 (2") PLACA DE REGULAMENTAÇÃO (VELOCIDADE MÁXIMA PERMITIDA) | E26: ='MEMÓRIA DE CÁLCULO'!E25 -> UNID | F26: ='MEMÓRIA DE CÁLCULO'!F25 -> 10 | G26: =CPU!G18 -> 406.74 | H26: =ROUND(G26+(G26*$G$7),2) -> 505.11 | I26: =ROUND((H26*F26),2) -> 5051.1
A27: ='MEMÓRIA DE CÁLCULO'!A26 -> 3.5 | B27: ='MEMÓRIA DE CÁLCULO'!B26 -> COMPOSIÇÃO | C27: ='MEMÓRIA DE CÁLCULO'!C26 -> CPU-003 | D27: ='MEMÓRIA DE CÁLCULO'!D26 -> PLACA DE ACO ESMALTADA PARA IDENTIFICACAO DE RUA, *45 CM X 20* CM, INSTALADA EM POSTE DE AÇO GALVANIZADO DN 50 (2") | E27: ='MEMÓRIA DE CÁLCULO'!E26 -> UNID | F27: ='MEMÓRIA DE CÁLCULO'!F26 -> 10 | G27: =CPU!G23 -> 348.32 | H27: =ROUND(G27+(G27*$G$7),2) -> 432.56 | I27: =ROUND((H27*F27),2) -> 4325.6
A28: ='MEMÓRIA DE CÁLCULO'!A27 -> 3.6 | B28: ='MEMÓRIA DE CÁLCULO'!B27 -> SICRO3 | C28: ='MEMÓRIA DE CÁLCULO'!C27 -> 5213360 | D28: ='MEMÓRIA DE CÁLCULO'!D27 -> Tacha refletiva em plástico injetado - bidirecional tipo I - com um pino - fornecimento e colocação | E28: ='MEMÓRIA DE CÁLCULO'!E27 -> UNID | F28: ='MEMÓRIA DE CÁLCULO'!F27 -> 162 | G28: 31.98 | H28: =ROUND(G28+(G28*$G$7),2) -> 39.71 | I28: =ROUND((H28*F28),2) -> 6433.02
A29: TOTAL | I29: =SUM(I9,I11,I22) -> 127487.14
A31: MEDINA, 21 DE JANEIRO DE 2025
C35: ___________________________________________________ | E35: ___________________________________________________
C36: VAGNER CHAVES GUSMÃO | E36: LUCAS ALVES PEREIRA
C37: ENGENHEIRO CIVIL CREA MG 146.930/D | E37: PREFEITO MUNICIPAL DE MEDINA-MG

Sheet BDI
A3: ='MEMÓRIA DE CÁLCULO'!A3:F3 -> OBRA: RECOMPOSIÇÃO DE PAVIMENTAÇÃO E SINALIZAÇÃO DA AV. LUIZ TANURE
A4: ='MEMÓRIA DE CÁLCULO'!A4:D4 -> LOCAL: AVENIDA LUIZ TANURE, CENTRO | C4: DATA: JANEIRO/2025
A5: ='PLANILHA ORÇAMENTÁRIA'!A6:D6 -> REGIÃO/MÊS DE REFERÊNCIA: SEINFRA/REGIÃO JEQUITINHONHA 10/2024 NÃO DESONERADO // SINAPI-MG 12/2024 NÃO DESONERADO // ANP 11/2024 // SICRO3 10/2024 NÃO DESONERADO
A6: CÁLCULO DA BONIFICAÇÃO E DESPESAS INDIRETAS
A8: ITEM | B8: BDI GERAL
A9: 1 | B9: TAXAS GERAIS: TG = (1 + (AC + R + (S + G)))*(1 + DF)*(1 + L) | C9: SIGLA | D9: =(1+(D10+D11+D12))*(1+D13)*(1+D14) -> 1.1530554
A10: 1.1 | B10: Rasteio da Administração Central | C10: AC | D10: 0.0467
A11: 1.2 | B11: Riscos | C11: R | D11: 0.0097
A12: 1.3 | B12: Seguro + Garantia do Empreendimento | C12: S+G | D12: 0.0074
A13: 1.4 | B13: Despesas Financeiras | C13: DF | D13: 0.008
A14: 1.5 | B14: Lucro | C14: L | D14: 0.0753
A15: 2 | B15: Taxas : T = (i°+i¹+i²+i³) | C15: T
A16: 2.1 | B16: COFINS | C16: i° | D16: 0.03
A17: 2.2 | B17: ISS | C17: i¹ | D17: 0.035
A18: 2.3 | B18: PIS | C18: i² | D18: 0.0065
A19: 2.4 | B19: CPRB | C19: i³ | D19: 0
A20: B.D.I. = { [TG / ( 1 - T)] - 1 } x 100 | D20: =((1+(D10+D11+D12))*(1+D13)*(1+D14)/(1-(D16+D17+D18+D19)))-1 -> 0.24184747
A21: MEDINA, 21 DE JANEIRO DE 2025
A23: ___________________________________________________
A24: VAGNER CHAVES GUSMÃO
A25: ENGENHEIRO CIVIL CREA MG 146.930/D
A27: ___________________________________________________
A28: LUCAS ALVES PEREIRA
A29: PREFEITO MUNICIPAL DE MEDINA-MG

Sheet CRON
A2: CRONOGRAMA FÍSICO-FINANCEIRO
A3: ='MEMÓRIA DE CÁLCULO'!A3:F3 -> OBRA: RECOMPOSIÇÃO DE PAVIMENTAÇÃO E SINALIZAÇÃO DA AV. LUIZ TANURE | F3: ISS:
A4: ='MEMÓRIA DE CÁLCULO'!A4:D4 -> LOCAL: AVENIDA LUIZ TANURE, CENTRO | D4: FORMA DE EXECUÇÃO | F4: 0.05
A5: ='MEMÓRIA DE CÁLCULO'!A5 -> REGIÃO/MÊS DE REFERÊNCIA: SEINFRA/REGIÃO JEQUITINHONHA 10/2024 NÃO DESONERADO // SINAPI-MG 12/2024 NÃO DESONERADO // ANP 11/2024 // SICRO3 10/2024 NÃO DESONERADO | D5: ='PLANILHA ORÇAMENTÁRIA'!E6 -> ( ) | E5: ='PLANILHA ORÇAMENTÁRIA'!F6 -> DIRETA | F5: BDI:
A6: ='PLANILHA ORÇAMENTÁRIA'!A7:D7 -> PRAZO DE EXECUÇÃO: 02 MESES | D6: ='PLANILHA ORÇAMENTÁRIA'!E7 -> ( X ) | E6: ='PLANILHA ORÇAMENTÁRIA'!F7 -> INDIRETA | F6: =BDI!D20 -> 0.24184747
A7: VALOR TOTAL: | D7: ='PLANILHA ORÇAMENTÁRIA'!I29 -> 127487.14
A9: ITEM | B9: DESCRIÇÃO | C9: FÍSICO/ FINANCEIRO | D9: MÊS 01 | E9: MÊS 02 | G9: TOTAL
A10: ='PLANILHA RESUMO'!A9 -> 1.0 | B10: ='PLANILHA RESUMO'!B9 -> SERVIÇOS PRELIMINARES | C10: =C11/$C$17 -> 0.011983405 | D10: 1 | E10: 0 | G10: =SUM(D10:F10) -> 1
C11: ='PLANILHA RESUMO'!E9 -> 1527.73 | D11: =$C$11*D10 -> 1527.73 | E11: =$C$11*E10 -> 0 | G11: =SUM(D11:F11) -> 1527.73
A12: ='PLANILHA RESUMO'!A10 -> 2.0 | B12: ='PLANILHA RESUMO'!B10 -> PAVIMENTAÇÃO | C12: =C13/C17 -> 0.48888664 | D12: 1 | E12: 0 | G12: =SUM(D12:F12) -> 1
C13: ='PLANILHA RESUMO'!E10 -> 62326.76 | D13: =$C$13*D12 -> 62326.76 | E13: =$C$13*E12 -> 0 | G13: =SUM(D13:F13) -> 62326.76
A14: ='PLANILHA RESUMO'!A11 -> 3.0 | B14: ='PLANILHA RESUMO'!B11 -> SINALIZAÇÃO | C14: =C15/C17 -> 0.49912995 | D14: 0 | E14: 1 | G14: =SUM(D14:F14) -> 1
C15: ='PLANILHA RESUMO'!E11 -> 63632.65 | D15: =$C$15*D14 -> 0 | E15: =$C$15*E14 -> 63632.65 | G15: =SUM(D15:F15) -> 63632.65
A16: TOTAL | C16: =C10+C12+C14 -> 1 | D16: =D17/$C$17 -> 0.50087005 | E16: =E17/$C$17 -> 0.49912995 | G16: =SUM(D16:F16) -> 1
C17: =C11+C13+C15 -> 127487.14 | D17: =SUM(D11,D13,D15) -> 63854.49 | E17: =SUM(E11,E13,E15) -> 63632.65 | G17: =SUM(G11,G13,G15) -> 127487.14
B19: MEDINA, 21 DE JANEIRO DE 2025
B25: ___________________________________________________ | D25: ___________________________________________________
B26: VAGNER CHAVES GUSMÃO | D26: LUCAS ALVES PEREIRA
B27: ENGENHEIRO CIVIL CREA 146.930/D | D27: PREFEITO MUNICIPAL DE MEDINA-MG

Sheet CPU
A2: COMPOSIÇÕES
A3: ='PLANILHA ORÇAMENTÁRIA'!A4:F4 -> OBRA: RECOMPOSIÇÃO DE PAVIMENTAÇÃO E SINALIZAÇÃO DA AV. LUIZ TANURE
A4: ='PLANILHA ORÇAMENTÁRIA'!A5:D5 -> LOCAL: AVENIDA LUIZ TANURE, CENTRO | E4: ISS: 5%
A5: ='PLANILHA ORÇAMENTÁRIA'!A6:D6 -> REGIÃO/MÊS DE REFERÊNCIA: SEINFRA/REGIÃO JEQUITINHONHA 10/2024 NÃO DESONERADO // SINAPI-MG 12/2024 NÃO DESONERADO // ANP 11/2024 // SICRO3 10/2024 NÃO DESONERADO | E5: FORMA DE EXECUÇÃO
A6: ='PLANILHA ORÇAMENTÁRIA'!A7:D7 -> PRAZO DE EXECUÇÃO: 02 MESES | E6: ( ) DIRETA | G6: ( X ) INDIRETA
A7: DATA : JANEIRO/2025 | D7: BDI = | E7: =BDI!D20 -> 0.24184747
A9: CPU-001 | B9: PLACA DE SINALIZAÇÃO EM CHAPA DE AÇO NUM 16 COM PINTURA REFLETIVA, INSTALADA EM POSTE DE AÇO GALVANIZADO DN 50 (2") PLACA DE REGULAMENTAÇÃO (PASSAGEM SINALIZADA DE PEDESTRES) | C9: UNIDADE: UNID
B10: MATERIAIS/INSUMOS | C10: FONTE | D10: UNIDADE | E10: COEFICIENTE | F10: PREÇO | G10: TOTAL
A11: 92335 | B11: TUBO DE AÇO GALVANIZADO COM COSTURA, CLASSE MÉDIA, CONEXÃO RANHURADA, DN 50 (2"), INSTALADO EM PRUMADAS - FORNECIMENTO E INSTALAÇÃO. AF_10/2020 | C11: SINAPI | D11: M | E11: 2 | F11: 101.15 | G11: =F11*E11 -> 202.3
A12: 34723 | B12: PLACA DE SINALIZACAO EM CHAPA DE ACO NUM 16 COM PINTURA REFLETIVA | C12: SINAPI-I | D12: M2 | E12: =ROUND((0.5*0.5),2) -> 0.25 | F12: 1022.18 | G12: =F12*E12 -> 255.545
A13: VALOR TOTAL DA COMPOSIÇÃO | G13: =ROUND(SUM(G11,G12),2) -> 457.85
A14: CPU-002 | B14: PLACA DE SINALIZAÇÃO EM CHAPA DE AÇO NUM 16 COM PINTURA REFLETIVA, INSTALADA EM POSTE DE AÇO GALVANIZADO DN 50 (2") PLACA DE REGULAMENTAÇÃO (VELOCIDADE MÁXIMA PERMITIDA) | C14: UNIDADE: UNID
B15: MATERIAIS/INSUMOS | C15: FONTE | D15: UNIDADE | E15: COEFICIENTE | F15: PREÇO | G15: TOTAL
A16: 92335 | B16: TUBO DE AÇO GALVANIZADO COM COSTURA, CLASSE MÉDIA, CONEXÃO RANHURADA, DN 50 (2"), INSTALADO EM PRUMADAS - FORNECIMENTO E INSTALAÇÃO. AF_10/2020 | C16: SINAPI | D16: M | E16: 2 | F16: 101.15 | G16: =F16*E16 -> 202.3
A17: 34723 | B17: PLACA DE SINALIZACAO EM CHAPA DE ACO NUM 16 COM PINTURA REFLETIVA | C17: SINAPI-I | D17: M2 | E17: =ROUND((3.1416*(0.5^2)/4),2) -> 0.2 | F17: 1022.18 | G17: =F17*E17 -> 204.436
A18: VALOR TOTAL DA COMPOSIÇÃO | G18: =ROUND(SUM(G16,G17),2) -> 406.74
A19: CPU-003 | B19: PLACA DE ACO ESMALTADA PARA IDENTIFICACAO DE RUA, *45 CM X 20* CM, INSTALADA EM POSTE DE AÇO GALVANIZADO DN 50 (2") | C19: UNIDADE: UNID
B20: MATERIAIS/INSUMOS | C20: FONTE | D20: UNIDADE | E20: COEFICIENTE | F20: PREÇO | G20: TOTAL
A21: 92335 | B21: TUBO DE AÇO GALVANIZADO COM COSTURA, CLASSE MÉDIA, CONEXÃO RANHURADA, DN 50 (2"), INSTALADO EM PRUMADAS - FORNECIMENTO E INSTALAÇÃO. AF_10/2020 | C21: SINAPI | D21: M | E21: 2 | F21: 101.15 | G21: =F21*E21 -> 202.3
A22: 13521 | B22: PLACA DE ACO ESMALTADA PARA IDENTIFICACAO DE RUA, *45 CM X 20* CM | C22: SINAPI-I | D22: UNID | E22: 1 | F22: 146.02 | G22: =F22*E22 -> 146.02
A23: VALOR TOTAL DA COMPOSIÇÃO | G23: =ROUND(SUM(G21,G22),2) -> 348.32
B25: MEDINA, 21 DE JANEIRO DE 2025
A27: _________________________________ | D27: _____________________________________________
A28: VAGNER CHAVES GUSMÃO | D28: LUCAS ALVES PEREIRA
A29: ENGENHEIRO CIVIL CREA MG 146.930/D | D29: PREFEITO MUNICIPAL DE MEDINA-MG

Sheet PLANILHA RESUMO
A2: PLANILHA RESUMO
A3: ='PLANILHA ORÇAMENTÁRIA'!A4:F4 -> OBRA: RECOMPOSIÇÃO DE PAVIMENTAÇÃO E SINALIZAÇÃO DA AV. LUIZ TANURE | F3: ISS: 5%
A4: ='PLANILHA ORÇAMENTÁRIA'!A5:D5 -> LOCAL: AVENIDA LUIZ TANURE, CENTRO | C4: DATA: | D4: JANEIRO/2024
A5: ='PLANILHA ORÇAMENTÁRIA'!A6:D6 -> REGIÃO/MÊS DE REFERÊNCIA: SEINFRA/REGIÃO JEQUITINHONHA 10/2024 NÃO DESONERADO // SINAPI-MG 12/2024 NÃO DESONERADO // ANP 11/2024 // SICRO3 10/2024 NÃO DESONERADO
A6: ='PLANILHA ORÇAMENTÁRIA'!A7:D7 -> PRAZO DE EXECUÇÃO: 02 MESES | D6: BDI | E6: =BDI!D20 -> 0.24184747
A7: ITEM | B7: DESCRIÇÃO | C7: PREÇO TOTAL S/ BDI | D7: BDI | E7: PREÇO TOTAL | F7: % GERAL
B8: PLANILHA RESUMO | C8: =SUM(C9:C11) -> 96654.698 | D8: =SUM(D9:D11) -> 30832.442 | E8: =SUM(E9:E11) -> 127487.14 | F8: =E8/$E$12 -> 1
A9: 1.0 | B9: SERVIÇOS PRELIMINARES | C9: =E9*(1-$E$6) -> 1158.2524 | D9: =E9*$E$6 -> 369.47763 | E9: ='PLANILHA ORÇAMENTÁRIA'!I9 -> 1527.73 | F9: =E9/$E$12 -> 0.011983405 | H9: =C9+D9 -> 1527.73
A10: 2.0 | B10: PAVIMENTAÇÃO | C10: =E10*(1-$E$6) -> 47253.191 | D10: =E10*$E$6 -> 15073.569 | E10: ='PLANILHA ORÇAMENTÁRIA'!I11 -> 62326.76 | F10: =E10/$E$12 -> 0.48888664 | H10: =C10+D10 -> 62326.76
A11: 3.0 | B11: SINALIZAÇÃO | C11: =E11*(1-$E$6) -> 48243.255 | D11: =E11*$E$6 -> 15389.395 | E11: ='PLANILHA ORÇAMENTÁRIA'!I22 -> 63632.65 | F11: =E11/$E$12 -> 0.49912995 | H11: =C11+D11 -> 63632.65
A12: TOTAL GERAL DA OBRA | C12: =SUM(C9:C11) -> 96654.698 | D12: =SUM(D9:D11) -> 30832.442 | E12: =SUM(E9:E11) -> 127487.14 | F12: =E12/$E$12 -> 1 | H12: =C12+D12 -> 127487.14
B15: MEDINA, 21 DE JANEIRO DE 2025
C17: 0
A19: ________________________________________ | C19: ________________________________________
A20: VAGNER CHAVES GUSMÃO | C20: LUCAS ALVES PEREIRA
A21: ENGENHEIRO CIVIL CREA MG 146.930/D | C21: PREFEITO MUNICIPAL DE MEDINA-MG

Sheet Curva ABC
A2: CURVA ABC
A3: ='PLANILHA RESUMO'!A3:E3 -> OBRA: RECOMPOSIÇÃO DE PAVIMENTAÇÃO E SINALIZAÇÃO DA AV. LUIZ TANURE | C3: ISS: 5,00%
A4: ='PLANILHA RESUMO'!A4:B4 -> LOCAL: AVENIDA LUIZ TANURE, CENTRO | C4: DATA: | D4: =TODAY() -> 45705
A5: ='PLANILHA RESUMO'!A5:F5 -> REGIÃO/MÊS DE REFERÊNCIA: SEINFRA/REGIÃO JEQUITINHONHA 10/2024 NÃO DESONERADO // SINAPI-MG 12/2024 NÃO DESONERADO // ANP 11/2024 // SICRO3 10/2024 NÃO DESONERADO
A6: ='PLANILHA RESUMO'!A6:C6 -> PRAZO DE EXECUÇÃO: 02 MESES | D6: BDI | E6: =BDI!D20 -> 0.24184747
H7: ITEM | I7: DESCRIÇÃO | J7: PREÇO TOTAL | K7: % GERAL | L7: % ACUMULADA | M7: CATEGORIA | P7: CATEGORIA
H8: ='PLANILHA RESUMO'!A11 -> 3.0 | I8: ='PLANILHA RESUMO'!B11 -> SINALIZAÇÃO | J8: ='PLANILHA RESUMO'!E11 -> 63632.65 | K8: =J8/$J$17 -> 0.49912995 | L8: =K8 -> 0.49912995 | M8: =IF(L8<=$Q$8,$P$8,IF(L8<=$Q$9,$P$9,$P$10)) -> A | P8: A | Q8: 0.8
H9: ='PLANILHA RESUMO'!A10 -> 2.0 | I9: ='PLANILHA RESUMO'!B10 -> PAVIMENTAÇÃO | J9: ='PLANILHA RESUMO'!E10 -> 62326.76 | K9: =J9/$J$17 -> 0.48888664 | L9: =K9+L8 -> 0.9880166 | M9: =IF(L9<=$Q$8,$P$8,IF(L9<=$Q$9,$P$9,$P$10)) -> C | P9: B | Q9: 0.95
H10: ='PLANILHA RESUMO'!A9 -> 1.0 | I10: ='PLANILHA RESUMO'!B9 -> SERVIÇOS PRELIMINARES | J10: ='PLANILHA RESUMO'!E9 -> 1527.73 | K10: =J10/$J$17 -> 0.011983405 | L10: =K10+L9 -> 1 | M10: =IF(L10<=$Q$8,$P$8,IF(L10<=$Q$9,$P$9,$P$10)) -> C | P10: C | Q10: 1
J17: =SUM(J8:J15) -> 127487.14 | K17: =SUM(K8:K15) -> 1
C24: 0
B38: MEDINA, 21 DE JANEIRO DE 2025
A43: ________________________________________ | C43: ________________________________________
A44: VAGNER CHAVES GUSMÃO | C44: LUCAS ALVES PEREIRA
A45: ENGENHEIRO CIVIL CREA MG 146.930/D | C45: PREFEITO MUNICIPAL DE MEDINA-MG

Sheet MEMÓRIA DE CÁLCULO
A2: MEMORIAL DE CÁLCULO
A3: OBRA: RECOMPOSIÇÃO DE PAVIMENTAÇÃO E SINALIZAÇÃO DA AV. LUIZ TANURE | G3: DATA : JANEIRO/2025
A4: LOCAL: AVENIDA LUIZ TANURE, CENTRO
A5: REGIÃO/MÊS DE REFERÊNCIA: SEINFRA/REGIÃO JEQUITINHONHA 10/2024 NÃO DESONERADO // SINAPI-MG 12/2024 NÃO DESONERADO // ANP 11/2024 // SICRO3 10/2024 NÃO DESONERADO
A6: PRAZO DE EXECUÇÃO: 02 MESES
A7: ITEM | B7: FONTE | C7: CÓDIGO | D7: DESCRIÇÃO | E7: UND. | F7: QUANT. | G7: TOTAL
A8: 1 | D8: SERVIÇOS PRELIMINARES
A9: 1.1 | B9: SEINFRA | C9: ED-28427 | D9: FORNECIMENTO E COLOCAÇÃO DE PLACA DE OBRA EM CHAPA GALVANIZADA #26, ESP. 0,45MM, DIMENSÃO (3X1,5)M, PLOTADA COM ADESIVO VINÍLICO, AFIXADA COM REBITES 4,8X40MM, EM ESTRUTURA METÁLICA DE METALON 20X20MM, ESP. 1,25MM, INCLUSIVE SUPORTE EM EUCALIPTO AUTOCLAVADO PINTADO COM TINTA PVA DUAS (2) DEMÃOS | E9: UNID | F9: 1 | G9: 1 unidade
A10: 2 | D10: PAVIMENTAÇÃO
A11: 2.1 | B11: SINAPI | C11: 100576 | D11: REGULARIZAÇÃO E COMPACTAÇÃO DE SUBLEITO DE SOLO PREDOMINANTEMENTE ARGILOSO, PARA OBRAS DE CONSTRUÇÃO DE PAVIMENTOS. AF_09/2024 | E11: M2 | F11: =ROUND((120+240),2) -> 360 | G11: (120,00 m² + 240,00 m²) trechos sem pavimentação à executar
A12: 2.2 | B12: SEINFRA | C12: ED-8914 | D12: EXECUÇÃO DE PAVIMENTO COM PISO INTERTRAVADO, TIPO SEXTAVADO, ESP. 8CM, COM FCK DE 35MPA, INCLUSIVE COLCHÃO DE AREIA, ESP. 6CM, PARA ASSENTAMENTO, COMPACTAÇÃO MECANIZADA, CARGA E DESCARGA MECÂNICA EM CAMINHÃO, EXCLUSIVE TRANSPORTE DE PISO INTERTRAVADO | E12: M2 | F12: =ROUND((120+240),2) -> 360 | G12: (120,00 m² + 240 m²) trechos sem pavimentação à executar
A13: 2.3 | B13: SEINFRA | C13: ED-51139 | D13: GUIA DE MEIO-FIO, EM CONCRETO COM FCK 20MPA, PRÉ-MOLDADA, MFC-01 PADRÃO DER-MG, DIMENSÕES (12X16,7X35)CM, EXCLUSIVE SARJETA, INCLUSIVE ESCAVAÇÃO, APILOAMENTO E TRANSPORTE COM RETIRADA DO MATERIAL ESCAVADO (EM CAÇAMBA) | E13: M | F13: =ROUND((4+30+4)+(4+60+4),2) -> 106 | G13: ((4,00 m + 30,00 m + 4,00 m) + (4,00 m + 60,00 m + 4,00 m) meio-fio de travamento à executar
A14: 2.4 | B14: SEINFRA | C14: ED-14505 | D14: GRELHA PARA CAIXA COLETORA DE ÁGUA PLUVIAL EM BARRA CHATA 3/4"X1/8" COM REQUADRO EM CANTONEIRA 7/8"X1/8", INCLUSIVE UMA (1) DEMÃO DE FUNDO ANTICORROSIVO E DUAS (2) DEMÃOS DE PINTURA ESMALTE (FORNECIMENTO/FABRICAÇÃO) | E14: M2 | F14: =ROUND((1*0.5),2) -> 0.5 | G14: 1,00 m x 0,50 m grelha para caixa de drenagem existente
A15: 2.5 | B15: SINAPI | C15: 97636 | D15: DEMOLIÇÃO PARCIAL DE PAVIMENTO ASFÁLTICO, DE FORMA MECANIZADA, SEM REAPROVEITAMENTO. AF_09/2023 | E15: M2 | F15: =ROUND((7.3*0.3*2),2) -> 4.38 | G15: 7,30 m comprimento da faixa de pedestre x 0,30 largura da demolição x 2 lados à demolir
A16: 2.6 | B16: SINAPI | C16: 101747 | D16: PISO EM CONCRETO 20 MPA PREPARO MECÂNICO, ESPESSURA 7CM. AF_09/2020 | E16: M2 | F16: 26.77 | G16: 26,77 m² área de faixa elevada à executar
A17: 2.7 | B17: SEINFRA | C17: RO-00389 | D17: Pintura de ligação (Execução, exclui fornecimento e transporte do material betuminoso até a obra) | E17: M2 | F17: =ROUND(((25.21+22.36+28.6+26.77+23.94+28.56+29.37)+100),2) -> 284.81 | G17: ((25,21 m² + 22,36 m² + 28,60 m² + 26,77 m² + 23,94 m² + 28,56 m² + 29,37 m²) área das faixas elevadas à pavimentar + 100,00 m² à pavimentar trechos com buracos))
A18: 2.8 | B18: ANP | D18: Emulsão asfáltica - RR-1C | E18: T | F18: =ROUND((0.0005*F17),3) -> 0.142 | G18: 284,81 m² x 0,0005 T/m²
A19: 2.9 | B19: SINAPI | C19: 102331 | D19: TRANSPORTE COM CAMINHÃO TANQUE DE TRANSPORTE DE MATERIAL ASFÁLTICO DE 30000 L, EM VIA URBANA PAVIMENTADA, ADICIONAL PARA DMT EXCEDENTE A 30 KM (UNIDADE: TXKM). AF_07/2020 | E19: TXKM | F19: =ROUND(((F18*666)),2) -> 94.57 | G19: 0,142 T de emulsão RR-1C X 666 Km distância de Betim-MG até Medina-MG
A20: 2.10 | B20: SEINFRA | C20: ED-7624 | D20: EXECUÇÃO E APLICAÇÃO DE CONCRETO ASFÁLTICO PRE MISTURADO À FRIO (PMF), EM BETONEIRA, INCLUINDO FORNECIMENTO E TRANSPORTE DOS AGREGADOS E MATERIAL BETUMINOSO, INCLUSIVE TRANSPORTE DA MASSA ASFÁLTICA ATÉ A PISTA | E20: M3 | F20: =ROUND((F17*0.03),2) -> 8.54 | G20: 284,81 m² x 0,03 m espessura pavimento
A21: 3 | D21: SINALIZAÇÃO
A22: 3.1 | B22: SINAPI | C22: 102512 | D22: PINTURA DE EIXO VIÁRIO SOBRE ASFALTO COM TINTA RETRORREFLETIVA A BASE DE RESINA ACRÍLICA COM MICROESFERAS DE VIDRO, APLICAÇÃO MECÂNICA COM DEMARCADORA AUTOPROPELIDA. AF_05/2021 | E22: M | F22: =ROUND(((248.46*2)+(239.81*2)+(172.73*2)+(155.75*2)+(88.06*2)+(170.48*2)+(33.07*2)+(6.45+11.94+4.08+2.28+6.06+10+6.67+2.15+1.59+1.05+0.5)),2)+ROUND(((25.34+215.68+248.77)+(29.02+72.66+108.16+152.06+75.89)+(12.47+132.49+3.44+15.55+43.6+93.15)+(14.56+134.48+154.93)+(61.86+17.81+61.37+7.51)+(125.56+42.8+141.44+23.63)+(52.81+49.99)),2) -> 4386.52 | G22: (248,46 m x 2 faixas) + (239,81 m x 2 faixas) + (172,73 m x 2 faixas) + (155,75 m x 1 faixas) + (88,06 m x 2 faixas) + (170,48 m x 2 faixas) + (33,07 m x 2 faixas) + (6,45 m + 11,94 m + 4,08 m + 2,28 m + 6,06 m + 10,00 m + 6,67 m + 2,15 m + 1,59 m + 1,05 m + 0,50 m) = linhas de divisão dupla (cor amarela) + (25,34 m + 215,68 m + 248,77 m ) + (29,02 m + 72,66 m + 108,16 m + 152,06 m + 75,89 m) + (12,47 m + 132,49 m + 3,44 m + 15,55 m + 43,60 m + 93,15 m) + (14,56 m + 134,48 m + 154,93 m) + (61,86 m + 17,81 m + 61,37 m + 7,51 m) + (125,56 m + 42,80 m + 141,44 m + 23,63 m) + (52,81 m + 49,99 m) = linhas de bordo (cor branca)
A23: 3.2 | B23: SINAPI | C23: 102509 | D23: PINTURA DE FAIXA DE PEDESTRE OU ZEBRADA TINTA RETRORREFLETIVA A BASE DE RESINA ACRÍLICA COM MICROESFERAS DE VIDRO, E = 30 CM, APLICAÇÃO MANUAL. AF_05/2021 | E23: M2 | F23: =ROUND(((3*0.4*8)+(3.6*0.4*2)+(3*0.4*8)+(3.73*0.4*1)+(3.53*0.4*1)+(3*0.4*10)+(4.12*0.4*1)+(4.22*0.4*1)+(3*0.4*9)+(3.87*0.4*1)+(3.75*0.4*1)+(3*0.4*8)+(3.51*0.4*1)+(3.68*0.4*1)+(3*0.4*10)+(4.02*0.4*1)+(4.36*0.4*1)+(3*0.4*25)+(11.74*0.4*1)+(7.85*0.4*1)),2) -> 119.83 | G23: (3,00 m x 0,40 m x 8 unidades) + (3,60 m x 0,40 m x 2 unidades) + (3,00 m x 0,40 m x 8 unidades) + (3,73 m x 0,40 m X 1 unidade) + (3,53 m x 0,40 m x 1 unidade) + (3,00 m x 0,40 m x 10 unidades) + (4,12 m x 0,40 m x 1 unidade) + (4,22 m x 0,40 m x 1 unidade) + (3,00 m x 0,40 m x 9 unidades) + (3,87 m x 0,40 m X 1 unidade) + (3,75 m x 0,40 m x 1 unidade) + (3,00 m x 0,40 m x 8 unidades) + (3,51 m x 0,40 m x 1 unidade) + (3,68 m x 0,40 m x 1 unidade) + (3,00 m x 0,40 m x 10 unidades) + (4,02 m x 0,40 m x 1,00 unidade) + (4,36 m x 0,40 m x 1 unidade) + (3,00 m x 0,40 m x 25 unidades) + (11,74 m x 0,40 m x 1 unidade) + (7,85 m x 0,40 m x 1 unidade) = faixas de pedestres + linhas de retenção
A24: 3.3 | B24: COMPOSIÇÃO | C24: =CPU!A9 -> CPU-001 | D24: =CPU!B9 -> PLACA DE SINALIZAÇÃO EM CHAPA DE AÇO NUM 16 COM PINTURA REFLETIVA, INSTALADA EM POSTE DE AÇO GALVANIZADO DN 50 (2") PLACA DE REGULAMENTAÇÃO (PASSAGEM SINALIZADA DE PEDESTRES) | E24: UNID | F24: 14 | G24: 14 unidades
A25: 3.4 | B25: COMPOSIÇÃO | C25: =CPU!A14 -> CPU-002 | D25: =CPU!B14 -> PLACA DE SINALIZAÇÃO EM CHAPA DE AÇO NUM 16 COM PINTURA REFLETIVA, INSTALADA EM POSTE DE AÇO GALVANIZADO DN 50 (2") PLACA DE REGULAMENTAÇÃO (VELOCIDADE MÁXIMA PERMITIDA) | E25: UNID | F25: 10 | G25: 10 unidades
A26: 3.5 | B26: COMPOSIÇÃO | C26: =CPU!A19 -> CPU-003 | D26: =CPU!B19 -> PLACA DE ACO ESMALTADA PARA IDENTIFICACAO DE RUA, *45 CM X 20* CM, INSTALADA EM POSTE DE AÇO GALVANIZADO DN 50 (2") | E26: UNID | F26: 10 | G26: 10 unidades
A27: 3.6 | B27: SICRO3 | C27: 5213360 | D27: Tacha refletiva em plástico injetado - bidirecional tipo I - com um pino - fornecimento e colocação | E27: UNID | F27: =ROUND((36+35+25+23+13+25+5),2) -> 162 | G27: 36 unidades trecho 01 + 35 unidades trecho 02 + 25 unidades trecho 03 + 23 unidades trecho 04 + 13 unidades trecho 05 + 25 unidades trecho 06 + 5 unidades trecho 07
A29: MEDINA, 21 DE JANEIRO DE 2025
C33: ___________________________________________________ | E33: ___________________________________________________
C34: VAGNER CHAVES GUSMÃO | E34: LUCAS ALVES PEREIRA
C35: ENGENHEIRO CIVIL CREA MG 146.930/D | E35: PREFEITO MUNICIPAL DE MEDINA-MG
